 Dungeon Crawl Stone Soup version 0.23-a0-143-g1adec7b (webtiles) character file.

17983 CanOfBees the Fighter (level 12, -7/133 HPs)
             Began as an Ogre Hunter on Sept 5, 2018.
             Was a High Priest of Okawaru.
             Mangled by a seven-headed hydra (14 damage)
             ... on level 1 of the Lair of Beasts.
             The game lasted 00:46:12 (24451 turns).

CanOfBees the Fighter (Ogre Hunter)                Turns: 24451, Time: 00:46:13

Health: -7/133     AC:  5    Str: 23    XL:     12   Next: 53%
Magic:  21/27      EV: 14    Int: 12    God:    Okawaru [*****.]
Gold:   573        SH:  0    Dex:  9    Spells: 11/11 levels left

rFire    . . .     SeeInvis .   q - +2 whip (elec)
rCold    . . .     Gourm    .   (no shield)
rNeg     . . .     Faith    .   x - +2 robe
rPois    .         Spirit   .   (helmet restricted)
rElec    .         Reflect  .   B - scarf {repulsion}
rCorr    .         Harm     .   (gloves unavailable)
MR       +....                  (boots unavailable)
Stlth    +++.......             (no amulet)
HPRegen  0.32/turn              z - ring of magical power
MPRegen  0.20/turn              (no ring)

@: heroism, finesse, repel missiles
A: large, unfitting armour, tough skin 1
a: Heroism, Finesse, Renounce Religion


You were on level 1 of the Lair of Beasts.
You worshipped Okawaru.
Okawaru was extremely pleased with you.
You were not hungry.

You visited 3 branches of the dungeon, and saw 14 of its levels.
You also visited: Bailey.

You collected 573 gold pieces.

Inventory:

Hand Weapons
 a - a +2 halberd of electrocution
 b - a +1 blowgun
 q - a +2 whip of electrocution (weapon)
 w - a +2 spear of venom
 D - the +9 falchion of Conscience {freeze, Str-2 Int+10 Dex-3 Stlth+}
   (You found it on level 5 of the Dungeon)

   It has been specially enchanted to freeze those struck by it, causing extra
   injury to most foes and up to half again as much damage against particularly
   susceptible opponents.
   It can also slow down cold-blooded creatures.
   It affects your strength (-2).
   It affects your intelligence (+10).
   It affects your dexterity (-3).
   It makes you more stealthy.
 F - a +2 short sword of flaming
 L - a +1 short sword of speed
Missiles
 d - 3 javelins (quivered)
 g - 48 poisoned needles
 l - 93 sling bullets
 m - 70 tomahawks of returning
 t - 16 tomahawks
 E - 3 large rocks
 N - 6 javelins of returning
 O - 6 curare-tipped needles
 Q - 13 needles of confusion
Armour
 x - a +2 robe (worn)
 B - a scarf of repulsion (worn)
Jewellery
 z - a ring of magical power (left hand)
Wands
 c - a wand of enslavement (17)
 o - a wand of random effects (25)
 C - a wand of paralysis (18)
Scrolls
 j - a scroll of enchant weapon
 k - 5 scrolls of teleportation
 n - a scroll of magic mapping
 y - 3 scrolls of remove curse
 G - a scroll of torment
 K - a scroll of noise {unknown}
Potions
 e - a potion of cancellation {unknown}
 i - 7 potions of lignification
 p - 3 potions of brilliance
 r - a potion of berserk rage
 s - a potion of magic {unknown}
 u - a potion of haste
 H - 3 potions of might
 I - 3 potions of heal wounds
 J - a potion of experience {unknown}
 M - 4 potions of curing
 P - a potion of flight {unknown}
 R - a potion of ambrosia {unknown}
Comestibles
 f - 15 rations


   Skills:
 + Level 12.9(17.9) Fighting
 + Level 9.6(14.7) Polearms
   Level 1.5(11.2) Staves
 + Level 10.8(15.8) Throwing
 - Level 5.0(10.0) Armour
 - Level 5.0(10.0) Dodging
 - Level 0.6(5.6) Stealth
 - Level 8.0 Invocations


You had 11 spell levels left.
You didn't know any spells.
Your spell library contained the following spells:

 Spells                   Type           Power        Failure   Level  Hunger
 Shock                    Conj/Air       #...         32%         1    ##.....
 Swiftness                Chrm/Air       #.......     45%         2    ###....
 Static Discharge         Conj/Air       #.......     69%         3    ####...
 Airstrike                Air            #.........   97%         4    #####..
 Lightning Bolt           Conj/Air       #.........   100%        5    ######.


Dungeon Overview and Level Annotations

Branches:
Dungeon (12/15)            Temple (1/1) D:6            Lair (1/6) D:11
    Orc (0/2) D:10

Altars:
Ashenzari
Cheibriados
Dithmenos
Elyvilon
Fedhas
Gozag
Hepliaklqana
Kikubaaqudgha
Nemelex Xobeh
Okawaru
Qazlal
Ru
Sif Muna
Trog
Uskayaw
Vehumet
Xom
Yredelemnul
Zin
The Shining One

Shops:
D:7 [

Annotations:
D:10 3 runed doors, Spaninq's ghost, journeyman DrSk


Innate Abilities, Weirdness & Mutations

You are too large for most types of armour.
You have tough skin. (AC +1)


Message History

The seven-headed hydra bites you. x2; The seven-headed hydra bites you! x2
The seven-headed hydra bites you but does no damage.
The seven-headed hydra bites you. The seven-headed hydra bites you!
* * * LOW HITPOINT WARNING * * *
You barely miss the seven-headed hydra.
The seven-headed hydra is severely wounded.
You hit the seven-headed hydra.
The seven-headed hydra is severely wounded.
The seven-headed hydra closely misses you.
The seven-headed hydra bites you.
* * * LOW HITPOINT WARNING * * *
The seven-headed hydra bites you!
* * * LOW HITPOINT WARNING * * *
The seven-headed hydra bites you!
* * * LOW HITPOINT WARNING * * *
The seven-headed hydra completely misses you.
The seven-headed hydra bites you!
* * * LOW HITPOINT WARNING * * *
The seven-headed hydra bites you!
You die...

##......####P....#
#.......##.##....#
#...............#
#...............#
#......#######..#
#......# ##..#
#......#### #.##
#......##.##.##.#
P####
#.!...@D.........
.....
#.......###.#####
[.... #.......#
... .....
#.......# ...
[#### #.......#
....+ #.........
...# ##........
##.# #.........


You could see a seven-headed hydra.

Vanquished Creatures
  Snorg (D:10)
  Erolcha (D:11)
  2 two-headed ogres
  Urug (D:10)
  2 unseen horrors
  An ugly thing (D:11)
  A centaur zombie (D:7)
  A black mamba (D:11)
  Psyche (D:10)
  A spiny frog (Lair:1)
  A gargoyle (D:10)
  2 komodo dragons
  A troll (D:9)
  2 hippogriffs
  A shadow (D:10)
  10 yaks (D:11)
  A wraith (D:11)
  3 hungry ghosts
  A basilisk (Lair:1)
  Menkaure (D:5)
  3 water moccasins
  Duvessa (D:6)
  3 porcupines (Lair:1)
  An eye of draining (D:10)
  7 orc warriors
  5 ice beasts
  2 necrophages
  2 black bears
  3 sky beasts
  5 ogres
  2 phantoms
  12 wolves
  2 crocodiles
  6 centaurs
  4 big kobolds
  5 bullfrogs
  Dowan (D:6)
  5 scorpions
  8 wights
  3 howler monkeys
  3 crimson imps
  2 quasits (D:7)
  8 hounds
  6 jellies
  3 bullfrog skeletons
  6 orc priests
  2 iguanas
  Ijyb (D:5)
  10 orc wizards
  8 worker ants
  2 hound skeletons
  3 worker ant zombies
  Robin (D:3)
  28 gnolls
  15 adders
  A shadow imp (D:7)
  6 oozes
  An adder skeleton (D:5)
  A worm (D:3)
  A dart slug (D:2)
  8 leopard geckos
  33 orcs
  2 ball pythons (D:3)
  4 bats
  5 giant cockroaches
  13 goblins
  15 hobgoblins
  3 jackals (D:7)
  5 quokkas
  2 frilled lizards
  A giant cockroach zombie (D:6)
  44 kobolds
  3 rats
361 creatures vanquished.

Vanquished Creatures (collateral kills)
  Grum (D:9)
  3 orcs
4 creatures vanquished.

Vanquished Creatures (others)
  A wolf (D:9)
  2 orcs (D:11)
  A kobold (D:2)
  3 plants (D:11)
7 creatures vanquished.

Grand Total: 372 creatures vanquished

Notes
Turn   | Place    | Note
-------+----------+-------------------------------------------
     0 | D:1      | CanOfBees the Ogre Hunter began the quest for the Orb.
     0 | D:1      | Reached XP level 1. HP: 22/22 MP: 1/1
   269 | D:1      | Reached skill level 3 in Fighting
   282 | D:1      | Reached XP level 2. HP: 30/31 MP: 2/2
   631 | D:1      | You fall through a shaft!
  1643 | D:2      | Reached XP level 3. HP: 34/37 MP: 3/3
  2020 | D:1      | Reached XP level 4. HP: 28/48 MP: 4/4
  2259 | D:1      | Reached skill level 4 in Fighting
  2864 | D:2      | Reached skill level 1 in Polearms
  3032 | D:1      | Reached XP level 5. HP: 47/54 MP: 5/5
  3838 | D:2      | Reached skill level 1 in Staves
  4333 | D:3      | Reached skill level 5 in Throwing
  4550 | D:3      | Reached XP level 6. HP: 65/65 MP: 6/6
  4696 | D:3      | Reached skill level 5 in Fighting
  4994 | D:3      | Found a white marble altar of Elyvilon.
  5316 | D:3      | Noticed Robin
  5349 | D:3      | Killed Robin
  6012 | D:4      | Reached XP level 7. HP: 72/72 MP: 7/7
  6631 | D:5      | Entered Level 5 of the Dungeon
  6978 | D:5      | Found a stormy altar of Qazlal.
  6978 | D:5      | Found a hazy altar of Hepliaklqana.
  6979 | D:5      | Found a glowing silver altar of Zin.
  6979 | D:5      | Found a shimmering altar of Xom.
  6991 | D:5      | Noticed Ijyb
  7001 | D:5      | Killed Ijyb
  7001 | D:5      | Reached skill level 6 in Fighting
  7465 | D:5      | Reached XP level 8. HP: 69/84 MP: 8/8
  7837 | D:5      | Got a polished falchion
  7944 | D:6      | Identified the +9 falchion of Conscience {freeze, Str-2
                  | Int+10 Dex-3 Stlth+} (You found it on level 5 of the
                  | Dungeon)
  7945 | D:6      | Noticed Menkaure
  7961 | D:5      | Killed Menkaure
  8476 | D:6      | Reached skill level 7 in Fighting
  8611 | D:6      | Found a staircase to the Ecumenical Temple.
  8624 | Temple   | Entered the Ecumenical Temple
  8715 | Temple   | Became a worshipper of Warmaster Okawaru
  8889 | D:6      | Noticed Duvessa
  8901 | D:6      | Noticed Dowan
  8928 | D:6      | Killed Duvessa
  8928 | D:6      | Reached skill level 5 in Dodging
  8928 | D:6      | Reached skill level 1 in Invocations
  8946 | D:6      | Killed Dowan
  9272 | D:6      | Reached * piety under Okawaru
  9506 | D:6      | Reached XP level 9. HP: 91/94 MP: 10/10
  9780 | D:6      | Reached skill level 8 in Fighting
 10128 | D:7      | Reached skill level 5 in Polearms
 11140 | D:7      | Found Vodwytz's Antique Armour Boutique.
 11549 | D:7      | Reached skill level 9 in Fighting
 11549 | D:7      | Reached skill level 1 in Armour
 12551 | D:8      | Reached XP level 10. HP: 103/103 MP: 13/13
 12568 | D:8      | Noticed a two-headed ogre
 12586 | D:8      | Reached ** piety under Okawaru
 12589 | D:8      | Killed a two-headed ogre
 12589 | D:8      | Reached skill level 5 in Invocations
 12941 | D:8      | Found a sacrificial altar of Ru.
 13569 | D:8      | Reached *** piety under Okawaru
 13937 | D:9      | Received a gift from Okawaru
 14043 | D:9      | Reached skill level 10 in Fighting
 14561 | D:9      | Noticed Grum
 14575 | D:9      | Killed Grum
 15024 | D:9      | Found a blossoming altar of Fedhas.
 15788 | D:10     | Entered Level 10 of the Dungeon
 15867 | D:10     | Found a staircase to the Orcish Mines.
 15867 | D:10     | Noticed Snorg
 15967 | D:10     | Found a flagged portal.
 15997 | Bailey   | Entered a bailey
 17020 | D:10     | Noticed Urug
 17058 | D:10     | Killed Urug
 17058 | D:10     | Received a gift from Okawaru
 17058 | D:10     | Reached **** piety under Okawaru
 17058 | D:10     | Reached XP level 11. HP: 51/119 MP: 15/15
 17586 | D:10     | Killed an unseen horror
 17621 | D:10     | Found a runed gate.
 17913 | D:10     | Received a gift from Okawaru
 18221 | D:10     | Noticed Psyche
 18226 | D:10     | Killed Psyche
 18333 | D:10     | Found a runed gate.
 18333 | D:10     | Found a runed gate.
 18333 | D:10     | Noticed Spaninq's ghost (journeyman DrSk)
 18759 | D:10     | Killed Snorg
 18759 | D:10     | Reached ***** piety under Okawaru
 18759 | D:10     | Reached skill level 11 in Fighting
 19132 | D:10     | Received a gift from Okawaru
 19303 | D:11     | Found a staircase to the Lair.
 21020 | D:11     | Received a gift from Okawaru
 21246 | D:11     | Noticed a two-headed ogre
 21258 | D:11     | Killed a two-headed ogre
 21258 | D:11     | Reached skill level 5 in Armour
 21564 | D:11     | Killed an unseen horror
 21564 | D:11     | Reached skill level 10 in Throwing
 21564 | D:11     | Reached XP level 12. HP: 47/132 MP: 18/18
 21840 | D:11     | You fall through a shaft!
 21852 | D:11     | Reached skill level 12 in Fighting
 22268 | D:11     | Noticed Erolcha
 22271 | D:11     | Killed Erolcha
 22271 | D:11     | Received a gift from Okawaru
 22494 | Lair:1   | Entered Level 1 of the Lair of Beasts
 24437 | Lair:1   | Noticed a seven-headed hydra
 24451 | Lair:1   | Mangled by a seven-headed hydra

Vault maps used:
D:1:      dpeg_arrival_rooms_c, nrook_mini_vaults
D:2:      first_ration
D:3:      elyvilon_altar_3, uniq_robin
D:5:      chequers_temple_overflow_statue_of_worship, uniq_ijyb
D:6:      minmay_temple_entry_butterflies, uniq_duvessa, uniq_menkaure
D:7:      serial_shops, shop
D:8:      nicolae_ru_awakened_eye, hangedman_little_slice_of_home,
          skrybe_limestone_x, st_stairs_6
D:9:      basic_altar, uniq_grum
D:10:     orc_0_dummy, gammafunk_ghost_spectres, enter_bailey_3,
          kennysheep_generic_room_4, uniq_urug, uniq_snorg, uniq_psyche
D:11:     david_lair_shrubbed, minmay_gold_behind_fungi, uniq_erolcha
D:12:     hangedman_cross_stitches, uniq_josephine, uniq_fannar
Temple:   regret_index_temple_sphere_string
Lair:1:   nzn_random_ring
Bailey:   bailey_axe_2, bailey

Skill      XL: |  1  2  3  4  5  6  7  8  9 10 11 12 |
---------------+-------------------------------------+-----
Dodging        | 2 3 4 5 |  5.0
Fighting       | 3 4 5 6 7 9 10 11 12 | 12.9
Polearms       | 1 2 3 4 6 7 8 9 |  9.6
Staves         | 1 |  1.5
Throwing       | 5 6 7 9 10 | 10.8
Invocations    | 2 4 6 8 |  8.0
Armour         | 1 3 5 |  5.0
Stealth        | |  0.6

Action                   |  1- 3 |  4- 6 |  7- 9 | 10-12 || total
-------------------------+-------+-------+-------+-------++-------
Melee: Short sword       |    73 |       |     4 |    28 ||   105
       Halberd           |       |    67 |       |   295 ||   362
       Whip              |       |   127 |   152 |   129 ||   408
       Quarterstaff      |       |    19 |       |       ||    19
       Spear             |       |       |   191 |    91 ||   282
       Punch             |       |       |       |     1 ||     1
 Fire: Blowgun           |       |     6 |       |   116 ||   122
Throw: Large rock        |    10 |    23 |    23 |     3 ||    59
       Stone             |    24 |    15 |       |    32 ||    71
       Throwing net      |     5 |     4 |       |       ||     9
       Tomahawk          |       |       |    54 |    79 ||   133
       Javelin           |       |       |       |    69 ||    69
Invok: Heroism           |       |       |     2 |     9 ||    11
       Finesse           |       |       |       |     6 ||     6
Evoke: Wand              |       |       |       |    20 ||    20
  Use: Scroll            |     4 |     2 |     2 |    15 ||    23
       Potion            |       |     2 |     2 |     4 ||     8
 Stab: Held in net/web   |       |     2 |       |       ||     2
  Eat: Chunk             |     3 |    13 |    18 |    31 ||    65
       Ration            |       |       |     1 |     3 ||     4
Armor: Robe              |    23 |    63 |    76 |    80 ||   242
Dodge: Dodged            |    73 |   163 |   215 |   345 ||   796
       Deflected         |       |       |     6 |    21 ||    27

Table legend:
 A = Non-vault XP
 B = Vault XP
 C = Vault XP percentage of total XP
 D = Non-vault monster count
 E = Vault monster count
 F = Vault count percentage of total count
                 A         B        C        D         E       F
            +---------+---------+-------+---------+---------+-------
      Total |   20510 |    5180 |  20.2 |     298 |      68 |  18.6
            +---------+---------+-------+---------+---------+-------
        D:1 |     125 |       0 |   0.0 |      18 |       0 |   0.0
        D:2 |     142 |       0 |   0.0 |      28 |       0 |   0.0
        D:3 |     245 |      27 |   9.9 |      24 |       7 |  22.6
        D:4 |     319 |       0 |   0.0 |      10 |       0 |   0.0
        D:5 |     401 |     208 |  34.2 |      16 |       2 |  11.1
        D:6 |     945 |     226 |  19.3 |      25 |       2 |   7.4
        D:7 |    1663 |       0 |   0.0 |      29 |       0 |   0.0
        D:8 |    2055 |     167 |   7.5 |      18 |       9 |  33.3
        D:9 |    1132 |     389 |  25.6 |      14 |       3 |  17.6
       D:10 |    2485 |    2790 |  52.9 |      26 |       9 |  25.7
       D:11 |    7794 |    1019 |  11.6 |      66 |       1 |   1.5
       D:12 |      35 |       2 |   5.4 |       4 |       1 |  20.0
     Lair:1 |    3169 |       0 |   0.0 |      20 |       0 |   0.0
     Bailey |       0 |     352 | 100.0 |       0 |      34 | 100.0
            +---------+---------+-------+---------+---------+-------
